Construct Infanterie Kompanie
Selects Luftwaffe Battlegroup
Selects Luftwaffe Battlegroup
Selects Luftwaffe Pioneer Support
Fallschirmpioneer Squad Paradrop
Fallschirmpioneer Squad Paradrop
Fallschirmpioneer Squad Paradrop
Construct Luftwaffe Kompanie
Selects Stuka Strafing Run
Selects Fallschirmjäger Squad Paradrop
Selects LG40 Recoilless Gun Paradrop
LG40 Recoilless Gun Paradrop
Construct Panzergrenadier Kompanie
LG40 Recoilless Gun Paradrop
Construct Panzer Kompanie
Nebelwerfer 42 Rocket Launcher Team
Infanterie Officer Quarters
Selects Flak 36 Anti-tank Gun Emplacement
Nebelwerfer 42 Rocket Launcher Team
Luftwaffe Officer Quarters
Panzergrenadier Officer Quarters